 Dungeon Crawl Stone Soup version 0.27-a0-1332-g84bddb5ca7 (webtiles) character file.

Game seed: 7420586556645638467

14 Brandom the Sneak (level 2, 0/24 HPs)
             Began as a Demonspawn Delver on June 25, 2021.
             Slain by an orc wizard (1 damage)
             ... on level 4 of the Dungeon.
             The game lasted 00:02:27 (630 turns).

Brandom the Sneak (Demonspawn Delver)                Turns: 630, Time: 00:02:27

Health: 0/24       AC:  3    Str: 12    XL:     2   Next: 27%
Magic:  2/2        EV: 11    Int: 11    God:
Gold:   22         SH:  0    Dex: 14    Spells: 1/1 levels left

rFire    . . .     SeeInvis .   a - +0 falchion
rCold    . . .     Faith    .   (no shield)
rNeg     . . .     Spirit   .   b - +0 leather armour
rPois    .         Reflect  .   (no helmet)
rElec    .         Harm     .   (no cloak)
rCorr    .         Rampage  .   (no gloves)
Will     .....                  (no boots)
Stlth    +.........             (no amulet)
HPRegen  0.08/turn              (no ring)
MPRegen  0.16/turn              (no ring)

@: confused
A: magic regeneration
a: no special abilities


You were on level 4 of the Dungeon.
You visited 1 branch of the dungeon, and saw 2 of its levels.

You collected 22 gold pieces.

Inventory:

Hand Weapons
 a - a +0 falchion (weapon)
Armour
 b - a +0 leather armour (worn)
Wands
 v - a wand of digging (3)
Scrolls
 c - a scroll of fog
 d - a scroll of magic mapping
 e - a scroll of fear
 g - a scroll of identify {unknown}
Potions
 f - a potion of haste {@q3}
 h - a potion of lignification {unknown}


   Skills:
 * Level 3.2 Fighting
 * Level 2.1 Long Blades
 + Level 0.4 Armour
 + Level 1.9 Dodging
 - Level 4.5 Stealth


You had one spell level left.
You didn't know any spells.
Your spell library was empty.

Dungeon Overview and Level Annotations

Branches:
Dungeon (5/15)
 Temple: D:4-7

Altars:


Innate Abilities, Weirdness & Mutations

You regenerate magic rapidly.


Message History

There is a stone staircase leading down here.
A kobold comes into view. It is wielding a +0 dagger.
The kobold moves out of view.
The kobold shouts!
An adder comes into view.
The adder hisses angrily.
You closely miss the kobold. The kobold hits you but does no damage.
You hit the kobold.
You kill the kobold!
You hit the adder. The adder bites you but does no damage.
The adder closely misses you.
You closely miss the adder. The adder completely misses you.
You miss the adder. The adder bites you. The adder closely misses you.
You barely miss the adder. The adder closely misses you.
You riposte.
You barely miss the adder. You hit the adder.
The adder bites you but does no damage. The adder bites you.
You hit the adder.
You kill the adder!
Your Long Blades skill increases to level 2!
You have reached level 2!
Your demonic ancestry asserts itself...
Your magic begins to regenerate rapidly.
You start resting.
An orc wizard comes into view. It is wielding a +0 dagger.
You see here a +0 dagger.
An orc comes into view. It is wielding a +0 whip.
The orc wizard shouts!
You hear a shout!
An orc comes into view. It is wielding a +0 mace.
The orc wizard hits you with a +0 dagger.
You closely miss the orc wizard.
The orc wizard hits you but does no damage.
You barely miss the orc wizard.
The orc wizard points at you and mumbles some strange words.
The magic dart hits you.
* * * LOW HITPOINT WARNING * * *
You see here a +0 dagger.
The orc wizard mumbles some strange words.
The orc wizard flickers and vanishes!
Deactivating autopickup; reactivate with Ctrl-A.
You see here 28 arrows.
A puff of flame appears from out of thin air!
The puff of flame hits you!
* * * LOW HITPOINT WARNING * * *
You hear some strange, mumbled words.
You are confused.
Unknown command.
The orc hits you with a +0 whip.
* * * LOW HITPOINT WARNING * * *
Something hits you.
You die...

. #. ##.### #........# #
#........##### #.
##............# #.
..............# #.
.........@..# ##### #
.......oo.+ #...# #
.#.###...(#####...######
#>...........o.........
##############....#####
#.....#### #.......).
#......### ####.#.###


You could see 2 orcs.

Vanquished Creatures
  An adder (D:4)
  An adder skeleton (D:4)
  A kobold (D:4)
3 creatures vanquished.

Notes
Turn   | Place    | Note
-------+----------+-------------------------------------------
     0 | D:5      | Brandom the Demonspawn Delver began the quest for the Orb.
     0 | D:5      | Reached XP level 1. HP: 18/18 MP: 1/1
    13 | D:5      | Noticed an ogre
   261 | D:5      | Noticed an ogre
   585 | D:4      | Gained mutation: You regenerate magic rapidly. [demonic
                  | ancestry]
   585 | D:4      | Reached XP level 2. HP: 15/24 MP: 2/2
   630 | D:4      | HP: 1/24 [orc (3)]
   630 | D:4      | Slain by an orc wizard

Illustrated notes

Levels and vault maps discovered:
D:4:      layout_basic, tgw_kikubaaqudgha
D:5:      cheibrodos_barr_body, layout_basic, serial_shops,
          nicolae_lakefront_shop, uniq_eustachio

Skill      XL: |  1 |
---------------+----+-----
Long Blades    | 2 |  2.1
Fighting       | |  3.2
Armour         | |  0.4
Dodging        | |  1.9
Stealth        | |  4.5

Action                   || total
-------------------------++-------
Melee: Falchion          ||    16
Armor: Leather armour    ||     5
Dodge: Dodged            ||     5
       Rpst.: Falchion   ||     1

Table legend: (Time is in decaauts)
 A = Elapsed time spent in this place.
 B = Non-inter-level travel time spent in this place.
 C = Inter-level travel time spent in this place.
 D = Time resting spent in this place.
 E = Time spent auto-exploring this place.
 F = Levels seen in this place.
 G = Mean time per level.
                   A        B        C        D        E       F      G
               +--------+--------+--------+--------+--------+-----+--------+
         Total |    633 |    633 |      0 |    252 |     48 |   2 |  316.5 |
       Dungeon |    633 |    633 |      0 |    252 |     48 |   2 |  316.5 |
               +--------+--------+--------+--------+--------+-----+--------+

Top non-repeatable levels by time:
     D:5: 361 daAuts
     D:4: 272 daAuts
